cohdb
Replays
Latest Replays
All Replays
Popular Replays
Top Player Replays
Match Explorer
How It Works
Community
CoH3 Stats
Reddit
Sign in to upload your games and track your stats! →
Sign in with Steam
4*4 Truck Domination
Match 16627859
Overview
Messages
Build Orders
End
Engineer Squad
Construct Barracks
1⁄4-ton 4x4 Truck
Riflemen Squad
Riflemen Squad
Grenade Package
Infantry Support Center
Selects Advanced Infantry Battlegroup
Selects Convert to Ranger Squad
Convert to Ranger Squad
Construct Motor Pool
M8 Greyhound Armored Car
Construct Medical Station
M8 Greyhound Armored Car
Selects Ammunition Storage
Selects M2A1 105mm Howitzer Emplacement
MonoChrome
sheenhochul
CantCNC
JudgeFudge
0
0
Comments
sign in to comment!
No comments posted yet!